 Dungeon Crawl Stone Soup version 0.30-a0-469-g84de5afbc5 (webtiles) character file.

Game seed: 11935809712215919746

12946 cforsyth the Protected (level 11, 0/89 (105) HPs)
             Began as an Armataur Gladiator on Dec 19, 2022.
             Was a High Priest of Okawaru.
             Slain by a minotaur
             ... wielding a +0 short sword of draining
              (3 damage)
             ... in a Gauntlet.
             The game lasted 00:24:01 (11440 turns).

cforsyth the Protected (Armataur Gladiator)        Turns: 11440, Time: 00:24:01

HP:   0/89 (105)    AC: 25    Str: 21    XL:     11   Next: 69%
MP:   11/11         EV:  8    Int: 11    God:    Okawaru [*****.]
Gold: 746           SH: 10    Dex: 12    Spells: 10/10 levels left

rFire   + + .      SeeInvis .    a - +0 flail (venom)
rCold   . . .      Faith    .    M - +0 kite shield
rNeg    . . .      Spirit   .    t - +0 chain mail
rPois   +          Reflect  .    c - +0 helmet
rElec   +          Harm     .    J - +2 cloak
rCorr   .          Roll     +    (no gloves)
Will    .....      NoTele   +    s - +3 barding of Untold Secrets {rElec rPois rF+}
Stlth   ..........               y - amulet of regeneration
HPRegen 1.14/turn                q - +4 ring of evasion
MPRegen 0.12/turn                C - ring of protection from fire

@: heavily drained, invisible
A: large, rugged brown scales 3, deformed body, armoured tail, roll, long
tongue, awkward tongue
a: Renounce Religion, Heroism, Finesse, Duel


You were in a Gauntlet.
You worshipped Okawaru.
Okawaru was extremely pleased with you.
You visited 2 branches of the dungeon, and saw 13 of its levels.
You also visited: Sewer and Gauntlet.

You collected 811 gold pieces.
You spent 65 gold pieces at shops.

Inventory:

Hand Weapons
 a - a +0 flail of venom (weapon)
 P - a +0 flail of holy wrath
Missiles
 d - 8 throwing nets (quivered)
 e - 8 javelins
 T - 2 atropa-tipped darts
Armour
 c - a +0 helmet (worn)
 s - the +3 barding of Untold Secrets (worn) {rElec rPois rF+}
   (You acquired it on level 12 of the Dungeon)

   rF:        It protects you from fire.
   rElec:     It insulates you from electricity.
   rPois:     It protects you from poison.
 t - a +0 chain mail (worn)
 z - a +0 barding
 J - a +2 cloak (worn)
 M - a +0 kite shield (worn)
Jewellery
 b - a ring of magical power
 k - a +6 ring of intelligence
 q - a +4 ring of evasion (left hand)
 v - an amulet of the acrobat
 y - an amulet of regeneration (around neck)
 B - the ring "Befuleni" {Fly Will- rCorr Int+2}
   (You found it in a Gauntlet)

   [ring of resist corrosion]

   Int:       It affects your intelligence (+2).
   Fly:       It grants you flight.
   rCorr:     It protects you from acid and corrosion.
   Will:      It decreases your willpower.
 C - a ring of protection from fire (right hand)
 L - an amulet of magic regeneration
 N - a ring of magical power
 O - a +4 ring of evasion
 Q - a ring of wizardry
 R - a ring of willpower
 S - a ring of poison resistance
Wands
 u - a wand of charming (31)
 K - a wand of light (5)
Scrolls
 j - a scroll of enchant weapon
 l - 6 scrolls of teleportation
 m - 2 scrolls of fog
 n - 3 scrolls of vulnerability
 o - 4 scrolls of butterflies
 r - 2 scrolls of blinking
 w - 3 scrolls of fear
 D - a scroll of immolation
 G - a scroll of brand weapon
Potions
 f - 9 potions of curing
 g - 2 potions of brilliance
 h - a potion of lignification
 i - 5 potions of might
 p - 6 potions of heal wounds
 x - 2 potions of mutation
 A - a potion of magic
 F - 2 potions of ambrosia
 H - 4 potions of attraction
 I - a potion of experience


   Skills:
 + Level 9.7 Fighting
 + Level 9.9 Maces & Flails
 - Level 1.7 Throwing
 + Level 12.1 Armour
 - Level 2.1 Dodging
 + Level 7.2 Shields


You had 10 spell levels left.
You didn't know any spells.
Your spell library contained the following spells:

 Spells                   Type           Power      Damage    Failure   Level
 Blink                    Tloc           0%         N/A       100%        2
 Ensorcelled Hibernation  Hex/Ice        0%         N/A       100%        2
 Momentum Strike          Conj/Tloc      0%         3d8       100%        2
 Passwall                 Tmut/Erth      0%         N/A       100%        2
 Dazzling Flash           Conj/Hex       0%         N/A       100%        3
 Lesser Beckoning         Tloc           0%         N/A       100%        3
 Ozocubu's Armour         Ice            0%         N/A       100%        3
 Swiftness                Air            0%         N/A       100%        3
 Agony                    Necr           0%         N/A       100%        5
 Silence                  Hex/Air        0%         N/A       100%        5
 Ozocubu's Refrigeration  Ice            0%         4d7       100%        7


Dungeon Overview and Level Annotations

Branches:
Dungeon (12/15)            Temple (1/1) D:6            Lair (0/5) D:9
    Orc (0/2) D:12          Sewer (visited)         Gauntlet (1/1)

Altars:
Ashenzari
Cheibriados
Dithmenos
Elyvilon
Fedhas
Gozag
Hepliaklqana
Kikubaaqudgha
Makhleb
Nemelex Xobeh
Okawaru
Qazlal
Ru
Sif Muna
Trog
Uskayaw
Vehumet
Wu Jian
Xom
Yredelemnul
Zin
The Shining One

Shops:
D:6 ?

Annotations:
Gauntlet 8 transporters, 3 runed translucent doors


Innate Abilities, Weirdness & Mutations

You are completely covered in rugged brown scales. (AC +3, +7% HP)
Armour fits poorly on your strangely shaped body.
You have a long armoured tail.
You roll when moving toward enemies. (Rampage)
Your long tongue fully drains potion bottles. (2x potion effects)
Your tongue gives you trouble enunciating. (1.5x scroll delay)


Message History

The minotaur hits you but does no damage.
You feel drained. The minotaur closely misses you.
You hit the minotaur but do no damage.
The minotaur looks as sick as possible!
The minotaur is lightly wounded.
The minotaur barely misses you.
The minotaur gores you but does no damage.
You hit the minotaur.
The minotaur looks as sick as possible!
You tail-slap the minotaur.
The minotaur is lightly wounded.
The minotaur throws a javelin.
You hit the minotaur.
The minotaur is lightly wounded.
The minotaur hits you with a +0 short sword of draining!!
You feel drained.
The minotaur gores you but does no damage.
You hit the minotaur.
The minotaur looks as sick as possible!
The minotaur is lightly wounded.
The minotaur hits you with a +0 short sword of draining!
You feel drained.
The minotaur gores you but does no damage.
You thump the minotaur!
The minotaur looks as sick as possible!
You tail-slap the minotaur.
The minotaur is moderately wounded.
You block the minotaur's attack.
The minotaur gores you but does no damage.
You hit the minotaur but do no damage.
The minotaur looks as sick as possible!
You tail-slap the minotaur, but do no damage.
The minotaur is moderately wounded.
You catch the helpless minotaur completely off-guard!
You hit the minotaur.
Your tail-slap misses the minotaur.
The minotaur is heavily wounded.
The minotaur hits you but does no damage.
You feel drained. The minotaur gores you!
You hit the minotaur but do no damage.
The minotaur looks as sick as possible!
You tail-slap the minotaur.
The minotaur is heavily wounded.
The minotaur hits you with a +0 short sword of draining!!!
* * * LOW HITPOINT WARNING * * *
You feel drained.
You die...

#########...§#
............##### ##
...8.....8.####.# ..
...........≈##..##.# #
########...##......#.#
.......#...#....# .#.#
.####..#...#.8©.# ...
.#..†#.#...#....##.#
.#.©.#©#.8.#.8©.@..#
.#...#[#...#...H##.#
..####.#...#.8©.# ...
.......#...#....# .#.#
########..§##......#.#
...........≈##..##.# #
...8.....8.####.# ..
............##### ##
#########...§#


You could see a minotaur (strong, unable to see you, extremely poisoned).

Vanquished Creatures
  Harold (D:10)
  A great orb of eyes (Gauntlet)
  2 two-headed ogres
  A hell hog (Gauntlet)
  3 ugly things
  2 cyclopes (D:11)
  A kobold demonologist (D:11)
  2 hornets
  2 shadows
  6 yaks (D:10)
  A vampire (D:10)
  A wraith (D:9)
  2 wyverns (D:9)
  4 fire bats (Gauntlet)
  3 acid dragons
  7 water moccasins
  A hell hound (Gauntlet)
  5 black bears
  2 ice beasts (D:6)
  A sky beast (D:8)
  2 wolves (D:9)
  2 ogres
  2 centaurs
  2 phantoms
  5 kobold brigands
  A scorpion (D:5)
  3 gnoll sergeants
  A bullfrog (D:6)
  4 necrophages
  4 wights (D:7)
  8 killer bees
  2 howler monkeys
  An electric eel (D:8)
  4 hounds
  A jelly (D:5)
  An orc priest (D:9)
  2 iguanas
  5 orc wizards
  11 adders
  17 gnolls
  5 river rats (Sewer)
  5 shadow imps
  7 white imps
  8 ufetubi (D:5)
  2 worms
  2 dart slugs (D:1)
  22 orcs
  8 endoplasms
  7 giant cockroaches
  3 goblins
  14 hobgoblins
  9 jackals
  16 kobolds
  6 quokkas
  10 ball pythons
  5 bats
  8 frilled lizards
  7 rats
270 creatures vanquished.

Vanquished Creatures (others)
  An orc wizard (D:5)
  7 demonic plants (D:5)
  6 fungi (D:9)
  21 plants
  A withered plant (Gauntlet)
36 creatures vanquished.

Grand Total: 306 creatures vanquished

Notes
Turn   | Place    | Note
-------+----------+-------------------------------------------
     0 | D:1      | cforsyth the Armataur Gladiator began the quest for the
                  | Orb.
     0 | D:1      | Reached XP level 1. HP: 18/18 MP: 1/1
    68 | D:1      | Reached skill level 1 in Armour
    69 | D:1      | Reached XP level 2. HP: 12/25 MP: 2/2
   410 | D:1      | Reached XP level 3. HP: 31/31 MP: 3/3
   737 | D:2      | Reached skill level 2 in Armour
   883 | D:2      | Reached XP level 4. HP: 39/39 MP: 4/4
  1551 | D:2      | Upgraded the game from 0.30-a0-465-g8901f6c8b5 to
                  | 0.30-a0-469-g84de5afbc5
  1706 | D:3      | Reached skill level 3 in Armour
  1711 | D:3      | Reached XP level 5. HP: 7/48 MP: 5/5
  1987 | D:3      | Found a hazy altar of Hepliaklqana.
  2454 | D:3      | Found a basalt altar of Yredelemnul.
  2768 | D:4      | Found a snail-covered altar of Cheibriados.
  2786 | D:4      | Reached skill level 4 in Armour
  2786 | D:4      | Reached XP level 6. HP: 50/55 MP: 6/6
  3309 | D:5      | Entered Level 5 of the Dungeon
  3587 | D:5      | Reached XP level 7. HP: 63/63 MP: 7/7
  3685 | D:5      | Reached skill level 5 in Armour
  3863 | D:5      | Reached skill level 5 in Maces & Flails
  3940 | D:5      | Found an ornate altar of the Wu Jian Council.
  4167 | D:6      | Found a staircase to the Ecumenical Temple.
  4179 | D:6      | Reached skill level 5 in Fighting
  4179 | D:6      | Reached skill level 6 in Armour
  4181 | D:6      | Found Zicvy's Magic Scroll Shop.
  4187 | Temple   | Entered the Ecumenical Temple
  4284 | D:6      | Reached XP level 8. HP: 72/72 MP: 8/8
  4316 | D:6      | Found a glowing drain.
  4320 | Sewer    | Entered a sewer
  5145 | D:6      | Bought a scroll of teleportation for 39 gold pieces
  5145 | D:6      | Bought a scroll of identify for 26 gold pieces
  5164 | D:6      | Reached skill level 7 in Armour
  5182 | D:6      | Found a shimmering blue altar of Sif Muna.
  5726 | D:7      | Reached skill level 8 in Armour
  5726 | D:7      | Reached XP level 9. HP: 80/83 MP: 9/9
  5885 | D:7      | Found a large runed translucent door.
  5886 | D:7      | Found a large runed translucent door.
  6395 | D:7      | Found a hide-covered altar of Uskayaw.
  6405 | D:7      | Found a glowing golden altar of the Shining One.
  6855 | D:8      | Paralysed by a hornet for 2 turns
  6859 | D:8      | Paralysed by a hornet for 3 turns
  6862 | D:8      | Reached skill level 9 in Armour
  7316 | D:8      | Found a sparkling altar of Nemelex Xobeh.
  7316 | D:8      | Found a white marble altar of Elyvilon.
  7316 | D:8      | Found an iron altar of Okawaru.
  7317 | D:8      | Found a blossoming altar of Fedhas.
  7521 | D:9      | Reached skill level 1 in Shields
  7695 | D:9      | Noticed a two-headed ogre
  7750 | D:8      | Reached XP level 10. HP: 77/94 MP: 10/10
  7765 | D:8      | Became a worshipper of Warmaster Okawaru
  7794 | D:8      | Killed a two-headed ogre
  7795 | D:8      | Reached skill level 10 in Armour
  7877 | D:9      | Reached * piety under Okawaru
  7918 | D:9      | Paralysed by a hornet for 3 turns
  7924 | D:9      | Paralysed by a hornet for 3 turns
  8064 | D:9      | Found a staircase to the Lair.
  8351 | D:10     | Entered Level 10 of the Dungeon
  8873 | D:10     | Noticed Harold
  8891 | D:10     | Killed Harold
  8891 | D:10     | Reached ** piety under Okawaru
  9099 | D:10     | Reached skill level 5 in Shields
  9350 | D:10     | Reached *** piety under Okawaru
  9351 | D:10     | Reached skill level 11 in Armour
  9372 | D:10     | Reached XP level 11. HP: 101/101 MP: 11/11
  9554 | D:10     | Found a sacrificial altar of Ru.
  9967 | D:11     | Noticed a two-headed ogre
  9968 | D:11     | Noticed a white ugly thing
  9976 | D:11     | Killed a two-headed ogre
  9976 | D:11     | Reached **** piety under Okawaru
  9976 | D:11     | Received a gift from Okawaru
  9990 | D:11     | Killed a white ugly thing
 10897 | D:12     | Identified a scroll of acquirement
 10898 | D:12     | Acquired the +3 barding of Untold Secrets {rElec rPois rF+}
 10947 | D:12     | Noticed a cyan ugly thing
 10960 | D:12     | Killed a cyan ugly thing
 10960 | D:12     | Received a gift from Okawaru
 10982 | D:12     | Found a gate leading to a gauntlet.
 10984 | D:12     | Found a staircase to the Orcish Mines.
 10991 | Gauntlet | Entered a Gauntlet
 10991 | Gauntlet | Found a transporter.
 10994 | Gauntlet | Found a transporter.
 10997 | Gauntlet | Noticed a dire elephant
 10999 | Gauntlet | Noticed a red ugly thing
 11010 | Gauntlet | Found a transporter.
 11014 | Gauntlet | Found a transporter.
 11016 | Gauntlet | Noticed a dire elephant
 11034 | Gauntlet | Found a transporter.
 11047 | Gauntlet | Found a transporter.
 11047 | Gauntlet | Noticed a hell hog
 11060 | Gauntlet | Found a transporter.
 11080 | Gauntlet | Found a transporter.
 11084 | Gauntlet | Found a transporter.
 11086 | Gauntlet | Found a runed translucent gate.
 11086 | Gauntlet | Found a runed translucent gate.
 11092 | Gauntlet | Found a transporter.
 11101 | Gauntlet | Noticed a brown ugly thing
 11101 | Gauntlet | Noticed a glowing orange brain
 11103 | Gauntlet | Noticed a brown ugly thing
 11104 | Gauntlet | Found a runed translucent gate.
 11114 | Gauntlet | Found a transporter.
 11117 | Gauntlet | Noticed a great orb of eyes
 11118 | Gauntlet | Found a transporter.
 11217 | Gauntlet | Noticed a ghost crab
 11296 | Gauntlet | Killed a red ugly thing
 11307 | Gauntlet | Killed a great orb of eyes
 11358 | Gauntlet | Identified the ring "Befuleni" {Fly Will- rCorr Int+2}
 11386 | Gauntlet | Killed a hell hog
 11387 | Gauntlet | Reached skill level 12 in Armour
 11404 | Gauntlet | Reached ***** piety under Okawaru
 11423 | Gauntlet | Noticed a minotaur
 11440 | Gauntlet | HP: 3/95 [minotaur/+0 short sword of draining (38)]
 11440 | Gauntlet | Slain by a minotaur

Illustrated notes

Levels and vault maps discovered:
D:1:      kennysheep_arrival_seaside, layout_loops_ring, serial_bayou_pond_a
D:2:      layout_loops_ring
D:3:      layout_loops_ring, mainiacjoe_overflow_catch_the_wave,
          minmay_surrounded
D:4:      layout_rooms, mainiacjoe_overflow_cross_hatched,
          minmay_misc_feat_columns, chequers_serial_rivers_micro_d,
          nicolae_hexahallways, minmay_circle_x
D:5:      layout_loops_cross, nicolae_wu_jian_immortal_techniques,
          serial_demonic, serial_demonic_d, serial_demonic_f, serial_demonic_b,
          serial_demonic_f, serial_demonic_f, serial_demonic_b,
          serial_demonic_e, serial_demonic_d, serial_demonic_b, serial_demonic_e
D:6:      layout_basic, mainiacjoe_overflow_boulevard,
          minmay_temple_entry_drinking_statues, serial_shops,
          nicolae_stop_n_shop_2, gup_sewer_entry_bowl
D:7:      layout_rooms, jmf_multi_god_temple2
D:8:      layout_loops_ring, chequers_temple_overflow_statue_of_worship,
          minmay_crystal_water
D:9:      layout_roguey, minmay_lair_entry_grove
D:10:     layout_small_grid, nicolae_ru_the_path_less_chosen, uniq_harold
D:11:     layout_layer_cave
D:12:     kennysheep_windowed_halls, layout_small_grid, orc_0_dummy,
          gauntlet_entry_generic, minmay_tree_intersection, grunt_decor_clamped,
          small_statue_intersection, uniq_nessos
Temple:   eino_wide_crystal_templ
Gauntlet: minmay_gauntlet_mixed_oops_all_seconds [minmay_gauntlet_arena_77_fan,
          gammafunk_gauntlet_arena_corners, minmay_gauntlet_arena_77_run_for_it,
          gammafunk_gauntlet_arena_split_diamond, minmay_gauntlet_arena_77_box,
          gammafunk_gauntlet_arena_mazey, gauntlet_exit_hidden_loot]

Skill      XL: |  1  2  3  4  5  6  7  8  9 10 11 |
---------------+----------------------------------+-----
Fighting       | 2 3 4 5 6 7 8 9 |  9.7
Armour         | 1 2 3 4 6 8 9 11 12 | 12.1
Maces & Flails | 3 4 5 6 8 9 |  9.9
Shields        | 2 5 7 |  7.2
Throwing       | |  1.7
Dodging        | |  2.1

Action                   |  1- 3 |  4- 6 |  7- 9 | 10-12 || total
-------------------------+-------+-------+-------+-------++-------
Melee: Flail             |    85 |   239 |   495 |   394 ||  1213
       Tailslap          |    12 |    28 |    81 |    74 ||   195
       Punch             |       |     3 |     1 |       ||     4
  Use: Scroll            |       |       |    19 |     6 ||    25
       Potion            |       |       |       |     1 ||     1
 Stab: Invisible         |       |       |       |     2 ||     2
Armor: Leather armour    |    50 |    17 |       |       ||    67
       Chain mail        |       |   143 |   386 |   300 ||   829
Dodge: Dodged            |    45 |   142 |   232 |   145 ||   564
Block: Kite shield       |       |       |    42 |   174 ||   216

Table legend: (Time is in decaauts)
 A = Elapsed time spent in this place.
 B = Non-inter-level travel time spent in this place.
 C = Inter-level travel time spent in this place.
 D = Time resting spent in this place.
 E = Time spent auto-exploring this place.
 F = Levels seen in this place.
 G = Mean time per level.
                   A        B        C        D        E       F      G
               +--------+--------+--------+--------+--------+-----+--------+
         Total |  11617 |  11165 |    452 |    936 |   7371 |  15 |  774.5 |
       Dungeon |  10435 |   9994 |    441 |    892 |   6736 |  12 |  869.6 |
        Temple |     54 |     44 |     10 |      0 |     35 |   1 |   54.0 |
         Sewer |    678 |    678 |      0 |      5 |    422 |   1 |  678.0 |
      Gauntlet |    449 |    449 |      0 |     39 |    178 |   1 |  449.0 |
               +--------+--------+--------+--------+--------+-----+--------+

Top non-repeatable levels by time:
    D:10: 1468 daAuts
     D:8: 1094 daAuts
    D:11: 1072 daAuts
     D:3: 913 daAuts
     D:2: 890 daAuts
     D:9: 861 daAuts
     D:5: 831 daAuts
     D:6: 821 daAuts
     D:4: 818 daAuts
     D:7: 814 daAuts
     D:1: 745 daAuts
   Sewer: 678 daAuts
Gauntlet: 449 daAuts
    D:12: 102 daAuts
  Temple: 54 daAuts
